 Dungeon Crawl Stone Soup version 0.30-a0-808-g6e0788376e (webtiles) character file.

Game seed: 15232835013052896669

187 cforsyth the Sneak (level 5, 0/32 HPs)
             Began as a Kobold Brigand on Feb 26, 2023.
             Slain by an adder (1 damage)
             ... on level 3 of the Dungeon.
             The game lasted 00:02:32 (2157 turns).

cforsyth the Sneak (Kobold Brigand)                 Turns: 2157, Time: 00:02:33

Health: 0/32       AC:  3    Str: 13 (14) XL:     5   Next: 99%
Magic:  5/5        EV: 15    Int: 10 (13) God:
Gold:   219        SH:  0    Dex: 17 (18) Spells: 4/4 levels left

rFire   . . .      SeeInvis .    a - +2 dagger
rCold   . . .      Faith    .    (no shield)
rNeg    . . .      Spirit   .    b - +0 robe
rPois   .          Reflect  .    (no helmet)
rElec   .          Harm     .    c - +0 cloak
rCorr   .          Rampage  .    (no gloves)
Will    .....                    (no boots)
Stlth   ++++                     (no amulet)
HPRegen 0.25/turn                j - +6 ring of strength
MPRegen 0.09/turn                (no ring)

@: mighty, attractive, flying
A: small, no large weapons, nightstalker 3
a: no special abilities


You were on level 3 of the Dungeon.
You visited 1 branch of the dungeon, and saw 4 of its levels.

You collected 219 gold pieces.

Inventory:

Hand Weapons
 a - a +2 dagger (weapon)
Missiles
 d - 19 poisoned darts (quivered)
 e - 3 curare-tipped darts
 f - a throwing net
Armour
 b - a +0 robe (worn)
 c - a +0 cloak (worn)
Jewellery
 j - a +6 ring of strength (left hand)
Scrolls
 h - a scroll of enchant weapon {unknown}
 l - 2 scrolls of identify {unknown}
 n - a scroll of enchant armour {unknown}
 p - 2 scrolls of magic mapping {unknown}
 q - a scroll of fear {unknown}
Potions
 i - 3 potions of haste
 k - 2 potions of degeneration


   Skills:
 + Level 3.6 Fighting
 + Level 4.4 Short Blades
 - Level 2.1 Throwing
 + Level 3.3 Dodging
 + Level 6.5 Stealth


You had 4 spell levels left.
You didn't know any spells.
Your spell library was empty.

Dungeon Overview and Level Annotations

Branches:
Dungeon (4/15)
 Temple: D:4-7

Altars:

Shops:
D:1 !


Innate Abilities, Weirdness & Mutations

You are small and have problems with some larger weapons.
You are completely attuned to the shadows.


Message History

The orc priest is moderately wounded.
The adder bites you.
The orc priest looks satisfied for a moment.
You are too injured to fight recklessly!
You are too injured to fight recklessly!
You are too injured to fight recklessly!
You are too injured to fight recklessly!
You are too injured to fight recklessly!
You hit the orc priest.
The orc priest is moderately wounded.
The adder bites you.
You are poisoned.
The adder poisons you!
You hit the orc priest.
The orc priest is heavily wounded.
You feel sick. The orc priest barely misses you. The adder closely misses you.
You feel sick. The adder misses you.
The orc priest attacks as you move away!
The orc priest misses you.
You feel sick. The adder closely misses you.
There is a stone staircase leading up here.
You feel sick. The orc priest closely misses you.
The adder bites you but does no damage.
You climb upwards.
You feel sick.
You are no longer poisoned.
There is a stone staircase leading down here.
It was a potion of attraction.
You feel attractive to monsters. The adder bites you but does no damage.
The orc priest hits you but does no damage.
It was a potion of flight.
You feel very buoyant.
You fly up into the air.
The adder bites you.
* * * LOW HITPOINT WARNING * * *
The orc priest closely misses you. The adder barely misses you.
Unknown command.
You feel very mighty all of a sudden.
The orc priest hits you with a +0 hand axe.
* * * LOW HITPOINT WARNING * * *
The adder bites you.
You die...

#.#.......##.#
#########.#...#......#
#.........#.......####
#.........#.#.....##
#.........#.#.#.#..#
###'#######.#.#.#..#
#.# #.#...#..#
##'#######.#.###..#
#...o@...#........#
#.....S..###.####.#
#..........#.####.#
#.....[....#......#
##.........########
#.........#
#<.......## ##########


You could see an orc priest and an adder.

Vanquished Creatures
  A scorpion (D:3)
  Terence (D:2)
  An orc wizard (D:3)
  2 adders (D:2)
  An orc (D:4)
  8 endoplasms
  A giant cockroach (D:1)
  A goblin (D:1)
  5 hobgoblins
  6 jackals
  4 quokkas
  10 ball pythons
  2 bats (D:1)
  5 frilled lizards
  5 kobolds (D:1)
  5 rats
58 creatures vanquished.

Vanquished Creatures (others)
  4 toadstools (D:2)
4 creatures vanquished.

Grand Total: 62 creatures vanquished

Notes
Turn   | Place    | Note
-------+----------+-------------------------------------------
     0 | D:1      | cforsyth the Kobold Brigand began the quest for the Orb.
     0 | D:1      | Reached XP level 1. HP: 12/12 MP: 1/1
   100 | D:1      | Reached XP level 2. HP: 11/18 MP: 2/2
   237 | D:1      | Found Maig Xiwk's Distillery.
   301 | D:1      | Reached XP level 3. HP: 21/22 MP: 3/3
   854 | D:2      | Reached XP level 4. HP: 7/27 MP: 4/4
  1162 | D:2      | Noticed Terence
  1166 | D:2      | Killed Terence
  1167 | D:2      | Reached skill level 6 in Stealth
  1664 | D:3      | Reached XP level 5. HP: 27/32 MP: 5/5
  2157 | D:3      | HP: 1/32 [orc priest/+0 hand axe (5)]
  2157 | D:3      | Slain by an adder

Illustrated notes

Levels and vault maps discovered:
D:1:      wander_arrival_estate, layout_rooms, serial_shops,
          nicolae_shop_hallway_stairs
D:2:      layout_loops_ring, minmay_gold_behind_fungi, uniq_terence
D:3:      layout_basic
D:4:      layout_loops_ring, grunt_temple_overflow_cloverleaf,
          nicolae_vehumet_altar_sigil, ebering_ghost_reflecting_pool,
          uniq_sigmund

Skill      XL: |  1  2  3  4  5 |
---------------+----------------+-----
Short Blades   | 3 4 |  4.4
Dodging        | 2 3 |  3.3
Fighting       | 3 |  3.6
Stealth        | 6 |  6.5
Throwing       | |  2.1

Action                     |  1- 3 |  4- 6 || total
---------------------------+-------+-------++-------
  Melee: Dagger            |   128 |    46 ||   174
         Punch             |     1 |     1 ||     2
    Use: Potion            |       |     6 ||     6
   Stab: Sleeping          |    13 |    11 ||    24
         Distracted        |     1 |       ||     1
 Armour: Robe              |    23 |     6 ||    29
  Dodge: Dodged            |   112 |    25 ||   137

Table legend: (Time is in decaauts)
 A = Elapsed time spent in this place.
 B = Non-inter-level travel time spent in this place.
 C = Inter-level travel time spent in this place.
 D = Time resting spent in this place.
 E = Time spent auto-exploring this place.
 F = Levels seen in this place.
 G = Mean time per level.
                   A        B        C        D        E       F      G
               +--------+--------+--------+--------+--------+-----+--------+
         Total |   2108 |   2009 |     99 |    209 |   1400 |   4 |  527.0 |
       Dungeon |   2108 |   2009 |     99 |    209 |   1400 |   4 |  527.0 |
               +--------+--------+--------+--------+--------+-----+--------+

Top non-repeatable levels by time:
     D:2: 930 daAuts
     D:1: 697 daAuts
     D:3: 385 daAuts
     D:4: 95 daAuts
